 Dungeon Crawl Stone Soup version 0.27-a0-1154-gfdeffcb720 (webtiles) character file.

Game seed: 5059281401711373264

3852 agentchuck the Covert (level 9, -4/65 HPs)
             Began as a Vampire Necromancer on May 14, 2021.
             Was a Follower of Kikubaaqudgha.
             Slain by a cane toad (14 damage)
             ... on level 1 of the Lair of Beasts.
             The game lasted 00:34:37 (10972 turns).

agentchuck the Covert (Vampire Necromancer)        Turns: 10972, Time: 00:34:37

Health: -4/65      AC:  8    Str:  8    XL:     9   Next: 99%
Magic:  2/13       EV: 12    Int: 19    God:    Kikubaaqudgha [*.....]
Gold:   353        SH: 12    Dex: 15    Spells: 6/14 levels left

rFire    . . .     SeeInvis +   w - +1 rapier
rCold    . . .     Faith    .   f - +2 buckler
rNeg     + . .     Spirit   .   H - +3 leather armour {Will+}
rPois    .         Reflect  +   (no helmet)
rElec    .         Harm     .   T - +0 cloak
rCorr    .         Rampage  .   (no gloves)
Will     ++...                  S - +0 pair of boots
Stlth    +++++.....             L - amulet of reflection
HPRegen  0.40/turn              M - ring of willpower
MPRegen  0.13/turn              N - ring of positive energy

@: healing quickly
A: alive, fangs 3, see invisible, vampiric 2
a: Exsanguinate, Renounce Religion, Receive Corpses


You were on level 1 of the Lair of Beasts.
You worshipped Kikubaaqudgha.
Kikubaaqudgha was aware of your devotion.
You visited 3 branches of the dungeon, and saw 10 of its levels.
You also visited: Sewer.

You collected 353 gold pieces.


Innate Abilities, Weirdness & Mutations

Your natural rate of healing is accelerated.
You have razor-sharp teeth.
You have supernaturally acute eyesight. (SInv)
You are afflicted with vampirism and can become a bat while bloodless.


   Skills:
 - Level 4.0 Fighting
 + Level 3.3 Short Blades
 - Level 2.8 Throwing
 + Level 3.7 Dodging
 - Level 11.8 Stealth
 - Level 4.0 Shields
 + Level 3.2 Spellcasting
 + Level 9.0 Necromancy
 - Level 3.2 Evocations


You had 6 spell levels left.
You knew the following spells:

 Your Spells              Type           Power      Damage    Failure   Level
d - Animate Dead          Necr           18%        N/A       5%          4
v - Vampiric Draining     Necr           18%        2d8       1%          3
z - Pain                  Necr           100%       1d9       1%          1

Your spell library contained the following spells:

 Spells                   Type           Power      Damage    Failure   Level
 Animate Skeleton         Necr           74%        N/A       1%          1
 Corpse Rot               Necr/Air       N/A        N/A       5%          2
 Agony                    Necr           37%        N/A       16%         5
 Apportation              Tloc           6%         N/A       22%         1
 Corona                   Hex            3%         N/A       22%         1
 Summon Small Mammal      Summ           12%        N/A       22%         1

Inventory:

Hand Weapons
 e - a +1 hunting sling of freezing
 w - a +1 rapier (weapon)
 K - a +0 whip
Missiles
 d - 215 stones
 g - 2 boomerangs
 B - 43 poisoned darts
 G - 33 sling bullets
 J - 7 curare-tipped darts {=f}
Armour
 f - a +2 buckler (worn)
 H - a +3 leather armour of willpower (worn)
 O - +0 steam dragon scales
 S - a +0 pair of boots (worn)
 T - a +0 cloak (worn)
Jewellery
 p - an amulet of magic regeneration
 C - a ring of ice
 L - an amulet of reflection (around neck)
 M - a ring of willpower (left hand)
 N - a ring of positive energy (right hand)
 R - a ring of resist corrosion
Wands
 k - a wand of acid (2)
 A - a wand of iceblast (3)
 Q - a wand of flame (8)
Scrolls
 b - a scroll of fear
 c - 2 scrolls of amnesia
 i - a scroll of identify {@r1}
 l - a scroll of vulnerability {unknown}
 m - a scroll of acquirement {unknown}
 s - 2 scrolls of teleportation {@r4}
 t - a scroll of fog
 v - 2 scrolls of magic mapping
 x - 3 scrolls of blinking
 y - a scroll of silence {unknown}
 D - 2 scrolls of immolation {!r}
 P - a scroll of enchant armour {unknown}
Potions
 a - 2 potions of degeneration {unknown}
 h - 3 potions of magic {unknown}
 n - 5 potions of attraction {unknown}
 o - a potion of mutation {unknown}
 r - a potion of heal wounds {unknown}
 u - 2 potions of haste {unknown}
 z - 3 potions of might {unknown}
 E - a potion of flight {unknown}
 F - a potion of lignification {unknown}
 I - a potion of brilliance {unknown}

Dungeon Overview and Level Annotations

Branches:
Dungeon (8/15)             Temple (1/1) D:6            Lair (1/6) D:8
  Sewer (visited)

Altars:
Elyvilon
Kikubaaqudgha
Sif Muna
Trog
Xom
Yredelemnul

Annotations:
D:3 1 runed translucent door, Crazy Yiuf
D:8 exclusion: ugly thing, Grum

#.................
#..)..............
#.................
#.................
#...............##
##..$............#
#....##.#.#.#....#
##..#.......+....#
#@.........#....#
#F.#.......# ..
#..#.........
#..#.......#.
#..##.###.## #...
. #... #....


You could see a cane toad.


Message History

Aiming: Throw Flame
Press: ? - help, Shift-Dir - straight line, f/p - cane toad
Aim: a cane toad (almost dead, 75% to hit)
The puff of flame hits the cane toad.
The cane toad is almost dead.
You feel very sick. The cane toad stings you!
Aiming: Throw Flame
Press: ? - help, Shift-Dir - straight line, f/p - cane toad
Aim: a cane toad (almost dead, 75% to hit)
The puff of flame hits the cane toad.
The cane toad is almost dead.
You feel very sick. The cane toad barely misses you.
Aiming: Throw Flame
Press: ? - help, Shift-Dir - straight line, f/p - cane toad
Aim: a cane toad (almost dead, 75% to hit)
The puff of flame misses the cane toad.
You feel sick. The cane toad stings you.
* * * LOW HITPOINT WARNING * * *
Aiming: Throw Flame
Press: ? - help, Shift-Dir - straight line, f/p - cane toad
Aim: a cane toad (almost dead, 75% to hit)
The puff of flame hits the cane toad but does no damage.
The cane toad is almost dead.
You feel sick. The cane toad stings you!!
* * * LOW HITPOINT WARNING * * *
You feel better. You block the cane toad's attack. The cane toad stings you!
You die...
Kikubaaqudgha rasps: "You have failed me!
Welcome... death!"

Skill      XL: |  1  2  3  4  5  6  7  8  9 |
---------------+----------------------------+-----
Stealth        | 4 5 6 7 8 9 11 | 11.8
Necromancy     | 5 6 7 9 |  9.0
Shields        | 1 2 3 4 |  4.0
Evocations     | 1 2 3 |  3.2
Fighting       | 3 4 |  4.0
Short Blades   | 1 3 |  3.3
Throwing       | 1 2 |  2.8
Dodging        | 3 |  3.7
Spellcasting   | 3 |  3.2

Action                   |  1- 3 |  4- 6 |  7- 9 || total
-------------------------+-------+-------+-------++-------
Melee: Short sword       |    14 |    46 |       ||    60
       Bite              |     2 |     3 |    16 ||    21
       Rapier            |       |       |   193 ||   193
 Fire: Hunting sling     |       |    42 |    19 ||    61
Throw: Dart              |       |       |    11 ||    11
 Cast: Pain              |    87 |   146 |    73 ||   306
       Vampiric Draining |     1 |     6 |    78 ||    85
       Animate Dead      |       |     1 |     3 ||     4
Invok: Receive Corpses   |       |       |     1 ||     1
Evoke: Wand              |       |     4 |    22 ||    26
  Use: Scroll            |       |     2 |     8 ||    10
       Potion            |       |     1 |     3 ||     4
 Stab: Sleeping          |     2 |     6 |    11 ||    19
       Distracted        |       |       |     1 ||     1
Armor: Robe              |     3 |       |       ||     3
       Leather armour    |       |    14 |    48 ||    62
Dodge: Dodged            |    13 |    48 |   120 ||   181
Block: Buckler           |       |    19 |   151 ||   170
       Reflection        |       |       |     3 ||     3

Levels and vault maps discovered:
D:1:      tarquinn_simple_flora_water_f, layout_loops_ring
D:2:      layout_rooms, basic_ecumenical_altar, st_stairs_2
D:3:      layout_basic, uniq_crazy_yiuf_cottage
D:4:      layout_basic, cheibrodos_sewer_entry_bend, uniq_eustachio
D:5:      layout_cave_pools, minitemple
D:6:      layout_basic, temple_fountains
D:7:      layout_cave_pools, bloody_trog, minmay_between
D:8:      layout_loops_ring, kennysheep_ying_yang, david_lair_generic,
          minmay_strange_pillars, kennysheep_doodads,
          eino_small_chamber_without_monster, uniq_grum
Temple:   eino_temple_scatter_basement
Lair:1:   layout_regular_city, enter_volcano_2, chequers_serial_rivers_micro_a,
          roderic_batcave, grunt_megastairs_1

Notes
Turn   | Place    | Note
-------+----------+-------------------------------------------
     0 | D:1      | agentchuck the Vampire Necromancer began the quest for the
                  | Orb.
     0 | D:1      | Reached XP level 1. HP: 13/13 MP: 3/3
   277 | D:1      | Reached XP level 2. HP: 16/19 MP: 0/5
   531 | D:1      | Reached skill level 4 in Stealth
  1166 | D:1      | Reached skill level 5 in Necromancy
  1166 | D:1      | Gained mutation: You are afflicted with vampirism and can
                  | become a bat while bloodless. [Vampire growth]
  1166 | D:1      | Reached XP level 3. HP: 23/24 MP: 3/6
  1427 | D:2      | Found a faded altar of an unknown god.
  1510 | D:1      | Learned a level 3 spell: Vampiric Draining
  1681 | D:1      | Reached skill level 5 in Stealth
  1868 | D:2      | HP: 2/24 [gnoll/+0 falchion (6)]
  1878 | D:2      | Reached XP level 4. HP: 4/30 MP: 0/7
  2301 | D:2      | Reached skill level 6 in Stealth
  2632 | D:3      | Reached XP level 5. HP: 34/35 MP: 5/8
  3130 | D:3      | Found a runed translucent door.
  3131 | D:3      | Noticed Crazy Yiuf
  3459 | D:4      | Noticed Eustachio
  3520 | D:4      | Found a glowing drain.
  3542 | Sewer    | Entered a sewer
  3660 | Sewer    | Reached skill level 1 in Shields
  3660 | Sewer    | Reached skill level 1 in Evocations
  3740 | Sewer    | Learned a level 4 spell: Animate Dead
  4361 | Sewer    | Reached skill level 7 in Stealth
  4361 | Sewer    | Reached XP level 6. HP: 23/41 MP: 4/9
  4806 | D:4      | Reached skill level 2 in Shields
  5140 | D:4      | Killed Eustachio
  5141 | D:4      | Reached skill level 8 in Stealth
  5141 | D:4      | Reached skill level 2 in Evocations
  5141 | D:4      | Reached XP level 7. HP: 46/46 MP: 10/10
  5257 | D:5      | Entered Level 5 of the Dungeon
  5352 | D:5      | Reached skill level 6 in Necromancy
  5465 | D:5      | Reached skill level 3 in Shields
  5840 | D:5      | Found a shimmering altar of Xom.
  5846 | D:5      | Found an ancient bone altar of Kikubaaqudgha.
  5849 | D:5      | Found a shimmering blue altar of Sif Muna.
  5854 | D:5      | Became a worshipper of Kikubaaqudgha
  5973 | D:6      | Reached skill level 9 in Stealth
  6148 | D:6      | Found a staircase to the Ecumenical Temple.
  6314 | D:5      | Reached XP level 8. HP: 43/52 MP: 11/11
  6358 | D:6      | Reached skill level 4 in Shields
  6358 | D:6      | Reached skill level 7 in Necromancy
  6601 | Temple   | Entered the Ecumenical Temple
  6742 | D:6      | Reached skill level 1 in Fighting
  6742 | D:6      | Reached skill level 10 in Stealth
  6742 | D:6      | Reached skill level 3 in Evocations
  7086 | D:6      | Reached skill level 2 in Fighting
  7189 | D:6      | Reached skill level 1 in Short Blades
  7796 | D:7      | Found a bloodstained altar of Trog.
  7985 | D:7      | Reached skill level 1 in Throwing
  7997 | D:7      | Reached skill level 3 in Fighting
  7997 | D:7      | Reached skill level 11 in Stealth
  7997 | D:7      | Reached XP level 9. HP: 19/63 MP: 4/12
  8215 | D:7      | Reached skill level 2 in Throwing
  8217 | D:7      | Reached skill level 8 in Necromancy
  8953 | D:7      | Reached * piety under Kikubaaqudgha
  8953 | D:7      | Identified Kikubaaqudgha's Compendium of Dark Magic
                  | (Kikubaaqudgha gifted it to you on level 7 of the Dungeon)
  8953 | D:7      | Received a gift from Kikubaaqudgha
  9294 | D:8      | Reached skill level 4 in Fighting
  9364 | D:8      | Noticed a cyan ugly thing
  9685 | D:8      | Found a basalt altar of Yredelemnul.
  9725 | D:8      | Found a staircase to the Lair.
  9725 | D:8      | Noticed an elephant
  9735 | D:8      | Reached skill level 2 in Short Blades
  9837 | D:8      | Killed an elephant
  9838 | D:8      | Reached skill level 3 in Dodging
 10076 | D:8      | Reached skill level 3 in Short Blades
 10076 | D:8      | Reached skill level 3 in Spellcasting
 10416 | D:8      | Noticed Grum
 10619 | D:8      | Reached skill level 9 in Necromancy
 10926 | Lair:1   | Entered Level 1 of the Lair of Beasts
 10956 | Lair:1   | Noticed a cane toad
 10971 | Lair:1   | HP: 1/65 [cane toad (22)]
 10972 | Lair:1   | Slain by a cane toad

Vanquished Creatures
  A wyvern (D:8)
  Eustachio (D:4)
  A basilisk (D:8)
  2 steam dragons (D:7)
  A water moccasin (D:7)
  An acid dragon (D:6)
  An orc warrior (D:7)
  A sky beast (D:6)
  3 necrophages
  A black bear (D:8)
  A hornet zombie (D:8)
  3 ogres
  A wolf (D:8)
  A centaur (D:5)
  4 bullfrogs
  A kobold brigand (D:7)
  A gnoll sergeant (D:6)
  2 water moccasin zombies
  2 scorpions
  5 killer bees (D:7)
  A wight (D:7)
  2 howler monkeys (D:7)
  A centaur zombie (D:7)
  3 hounds
  3 orc priests (D:8)
  A gnoll shaman (D:7)
  An iguana (D:5)
  An orc wizard (D:8)
  A hound zombie (D:5)
  A hound skeleton (D:4)
  A howler monkey zombie (D:8)
  15 gnolls
  A howler monkey skeleton (D:7)
  9 adders
  3 river rats (Sewer)
  A shadow imp (D:6)
  2 white imps
  2 adder skeletons (D:4)
  4 worms
  2 dart slugs
  22 orcs
  21 ball pythons
  10 endoplasms
  5 giant cockroaches
  7 hobgoblins
  9 jackals
  2 quokkas
  6 bats
  8 frilled lizards
  4 goblins
  10 kobolds
  28 rats
221 creatures vanquished.

Vanquished Creatures (collateral kills)
  An elephant (D:8)
1 creature vanquished.

Grand Total: 222 creatures vanquished

Table legend: (Time is in decaauts)
 A = Elapsed time spent in this place.
 B = Non-inter-level travel time spent in this place.
 C = Inter-level travel time spent in this place.
 D = Time resting spent in this place.
 E = Time spent auto-exploring this place.
 F = Levels seen in this place.
 G = Mean time per level.
                   A        B        C        D        E       F      G
               +--------+--------+--------+--------+--------+-----+--------+
         Total |  11106 |  10662 |    444 |   4006 |   3140 |  11 | 1009.6 |
       Dungeon |   9782 |   9338 |    444 |   3265 |   3140 |   8 | 1222.8 |
        Temple |    113 |    113 |      0 |    109 |      0 |   1 |  113.0 |
          Lair |     45 |     45 |      0 |      0 |      0 |   1 |   45.0 |
         Sewer |   1165 |   1165 |      0 |    632 |      0 |   1 | 1165.0 |
               +--------+--------+--------+--------+--------+-----+--------+

Top non-repeatable levels by time:
     D:6: 1921 daAuts
     D:1: 1558 daAuts
     D:8: 1454 daAuts
     D:7: 1448 daAuts
   Sewer: 1165 daAuts
     D:2: 976 daAuts
     D:4: 855 daAuts
     D:3: 794 daAuts
     D:5: 773 daAuts
  Temple: 113 daAuts
  Lair:1: 45 daAuts

Table legend:
 A = Non-vault XP
 B = Vault XP
 C = Vault XP percentage of total XP
 D = Non-vault monster count
 E = Vault monster count
 F = Vault count percentage of total count
                 A         B        C        D         E       F
            +---------+---------+-------+---------+---------+-------
      Total |    3718 |    1786 |  32.4 |     161 |      61 |  27.5
            +---------+---------+-------+---------+---------+-------
        D:1 |      74 |       0 |   0.0 |      32 |       0 |   0.0
        D:2 |     110 |       6 |   5.2 |      21 |       3 |  12.5
        D:3 |      39 |       0 |   0.0 |      12 |       0 |   0.0
        D:4 |      76 |     216 |  74.0 |      22 |       2 |   8.3
        D:5 |     602 |       0 |   0.0 |      13 |       0 |   0.0
        D:6 |    1170 |       0 |   0.0 |      20 |       0 |   0.0
        D:7 |    1130 |     394 |  25.9 |      21 |       5 |  19.2
        D:8 |     517 |     943 |  64.6 |      20 |       5 |  20.0
      Sewer |       0 |     227 | 100.0 |       0 |      46 | 100.0
            +---------+---------+-------+---------+---------+-------
